 Dungeon Crawl Stone Soup version 0.19.0-19-g8c6edcc (console) character file.

120 Morrissey the Poker (level 5, -3/39 HPs)
             Began as a Merfolk Skald on Nov 15, 2016.
             Slain by Sigmund
             ... wielding a +0 scythe
              (11 damage)
             ... on level 3 of the Dungeon.
             The game lasted 00:04:34 (2270 turns).

Morrissey the Poker (Merfolk Skald)                 Turns: 2270, Time: 00:04:35

Health: -3/39      AC:  3    Str: 11 (13) XL:     5   Next: 4%
Magic:  8/8        EV: 12    Int:  9 (11) God:
Gold:   142        SH:  0    Dex: 11 (14) Spells: 3 memorised, 2 levels left

rFire  . . .     SeeInvis .     a - +0 spear
rCold  . . .     Gourm    .     b - +0 leather armour
rNeg   . . .     Faith    .     (no shield)
rPois  .         Spirit   .     (no helmet)
rElec  .         Reflect  .     (no cloak)
rCorr  .         Harm     .     (no gloves)
MR     .....                    (no boots)
Stlth  +.........               (no amulet)
                                (no ring)
                                (no ring)

@: confused
A: change form in water, swift swim, stealthy swim
a: no special abilities


You were on level 3 of the Dungeon.
You were very hungry.

You visited 1 branch of the dungeon, and saw 3 of its levels.

You collected 142 gold pieces.

Inventory:

Hand Weapons
 a - a +0 spear (weapon)
Armour
 b - a +0 leather armour (worn)
 m - a +0 buckler
Scrolls
 e - a scroll of enchant weapon {unknown}
 g - 2 scrolls of remove curse {unknown}
 i - 2 scrolls of identify {unknown}
 j - a scroll of random uselessness {unknown}
 k - a scroll of blinking {unknown}
 l - 2 scrolls of fear {unknown}
Books
 c - a book of Battle

   Spells                             Type                      Level
   a - Infusion                       Charms                       1
   b - Shroud of Golubria             Charms/Translocation         2
   c - Song of Slaying                Charms                       2
   d - Spectral Weapon                Hexes/Charms                 3
   e - Regeneration                   Charms/Necromancy            3
Comestibles
 d - 3 bread rations
 f - a beef jerky


   Skills:
 + Level 2.7 Fighting
 * Level 4.4 Polearms
 - Level 0.6 Armour
 * Level 3.6 Dodging
 - Level 2.3 Spellcasting
 + Level 0.8 Hexes
 + Level 3.7 Charms


You had 2 spell levels left.
You knew the following spells:

 Your Spells              Type           Power        Failure   Level  Hunger
a - Infusion              Chrm           #...         12%         1    ##.....
b - Shroud of Golubria    Chrm/Tloc      #.........   34%         2    ###....
c - Spectral Weapon       Hex/Chrm       #.......     61%         3    ####...


Dungeon Overview and Level Annotations

Branches:
Dungeon (3/15)

Altars:
Cheibriados
Gozag
Makhleb
Qazlal
Xom
Zin

Annotations:
D:2 exclusion: downstairs
D:3 Ijyb, Sigmund


Message History

You feel less confused. Something hits you.
You hit something. Something hits you!
* * * LOW HITPOINT WARNING * * *
You closely miss something.
You are feeling very hungry.
You miss something. Something barely misses you.
You hit something.
It was a potion of degeneration.
There was something very wrong with that liquid.
You feel weakened.
You feel dopey.
You feel clumsy. Something hits you!
* * * LOW HITPOINT WARNING * * *
It was a potion of ambrosia.
You are confused.
You feel invigorated. Something hits you!
* * * LOW HITPOINT WARNING * * *
You closely miss something. Something hits you!
You die...

........##....# #.......##...
........##....####.......##...
........##....................
#.......#............#........
........#............#........
...######............#........
..[ ###........<...#........
.........{.....#.##.....
.......@.......#.##.....
.......(..............##
........####............
........####............
........................
.................#.##...
....>............#.##...
....................#...
..............).###.#..>


You could see a friendly spectral spear.

Vanquished Creatures
  Jessica (D:3)
  4 adders
  2 worms (D:2)
  2 dart slugs (D:1)
  2 leopard geckos (D:1)
  3 ball pythons
  A giant cockroach (D:3)
  7 goblins
  6 hobgoblins
  A quokka (D:2)
  2 bats
  4 frilled lizards
  5 kobolds
  9 rats
49 creatures vanquished.

Notes
Turn   | Place    | Note
-------+----------+-------------------------------------------
     0 | D:1      | Morrissey the Merfolk Skald began the quest for the Orb.
     0 | D:1      | Reached XP level 1. HP: 16/16 MP: 3/3
   449 | D:1      | Reached XP level 2. HP: 18/22 MP: 0/5
   881 | D:1      | Reached XP level 3. HP: 23/28 MP: 6/6
   986 | D:2      | Found a snail-covered altar of Cheibriados.
  1062 | D:2      | Found a glowing silver altar of Zin.
  1356 | D:2      | Learned a level 2 spell: Shroud of Golubria
  1360 | D:2      | Learned a level 3 spell: Spectral Weapon
  1376 | D:2      | Found a burning altar of Makhleb.
  1376 | D:2      | Found a shimmering altar of Xom.
  1377 | D:2      | Found an opulent altar of Gozag.
  1395 | D:2      | Reached skill level 4 in Polearms
  1395 | D:2      | Reached XP level 4. HP: 23/34 MP: 0/7
  1623 | D:2      | Found a stormy altar of Qazlal.
  1825 | D:3      | Noticed Sigmund
  1826 | D:3      | Noticed Ijyb
  2127 | D:3      | Noticed Jessica
  2134 | D:3      | Killed Jessica
  2169 | D:3      | Reached XP level 5. HP: 34/39 MP: 2/8
  2268 | D:3      | HP: 1/39 [something (8)]
  2270 | D:3      | Slain by Sigmund

Skill      XL: |  1  2  3 |
---------------+----------+-----
Dodging        | 2 3 |  3.6
Polearms       | 4 |  4.4
Fighting       | |  2.7
Armour         | |  0.6
Spellcasting   | |  2.3
Hexes          | |  0.8
Charms         | |  3.7

Action                   |  1- 3 |  4- 6 || total
-------------------------+-------+-------++-------
Melee: Spear             |   106 |    70 ||   176
 Cast: Infusion          |     9 |     3 ||    12
       Shroud of Golubri |     1 |     2 ||     3
       Spectral Weapon   |       |     1 ||     1
  Use: Potion            |       |     3 ||     3
 Stab: Sleeping          |     2 |       ||     2
  Eat: Chunk             |     2 |     2 ||     4
Armor: Leather armour    |    15 |     9 ||    24
Dodge: Dodged            |    47 |    33 ||    80
